| TOP OF THE 1ST |
|
Chicago White Sox batting - Pitching for Cleveland Guardians : RHP Joe Zeiset
|
|
Pitching: RHP Joe Zeiset
|
|
|
Batting: LHB Sidney Pedder
|
0-0: Foul Ball, location: 2F 0-1: Ball 1-1: Bunt for hit to P - play at first, batter safe!
|
|
Batting: SHB Alfie Bungledorf
|
0-0: Ball 1-0: Called Strike 1-1: Ball 2-1: Sac Bunt to P - play at first, batter OUT! 1-3 Sidney Pedder to second
|
|
Batting: RHB Joseph Disepolo
|
0-0: Ball 1-0: Ball 2-0: Ball 3-0: Base on Balls
|
|
Batting: LHB Randy Rosenberry
|
0-0: Ball 1-0: Ball 2-0: Ball 3-0: Base on Balls Sidney Pedder to third Joseph Disepolo to second
|
|
Batting: LHB Angel Tellez
|
0-0: Ball 1-0: Ball 2-0: Ball 3-0: Base on Balls Sidney Pedder scores Joseph Disepolo to third Randy Rosenberry to second
|
|
Batting: RHB Brad Boals
|
0-0: Ball 1-0: Ball 2-0: Ball 3-0: Called Strike 3-1: Swinging Strike 3-2: Foul Ball, location: 2F 3-2: Fly out, F9 (Flyball, 89S, EV 95.6 MPH)
|
|
Batting: RHB Dieter Knoops
|
0-0: Ball 1-0: Ball 2-0: Ground out 4-3 (Groundball, 4, EV 105.0 MPH)
|
| Top of the 1st over - 1 run, 1 hit, 0 errors, 3 left on base; Chicago 1 - Cleveland 0 |
| BOTTOM OF THE 1ST |
|
Cleveland Guardians batting - Pitching for Chicago White Sox : RHP Xenophon Valvis
|
|
Pitching: RHP Xenophon Valvis
|
|
|
Batting: LHB Arvin Dungca
|
0-0: Foul Ball, location: 2F 0-1: Fly out, F7 (Flyball, 7D, EV 89.4 MPH)
|
|
Batting: RHB Rick O'Reilly
|
0-0: Called Strike 0-1: SINGLE (Line Drive, 6MD, EV 98.8 MPH)
|
|
Batting: LHB Danny Dunham
|
0-0: Fly out, F8 (Flyball, 8LM, EV 90.0 MPH)
|
|
Batting: RHB Nick Ogle
|
0-0: Ball 1-0: Foul Ball, location: 2F 1-1: Foul Ball, location: 2F 1-2: Fly out, F7 (Line Drive, 7, EV 103.8 MPH)
|
| Bottom of the 1st over - 0 runs, 1 hit, 0 errors, 1 left on base; Chicago 1 - Cleveland 0 |
| TOP OF THE 2ND |
|
Chicago White Sox batting - Pitching for Cleveland Guardians : RHP Joe Zeiset
|
|
Batting: RHB Henri Cederberg
|
0-0: Ball 1-0: Ball 2-0: Ball 3-0: Base on Balls
|
|
Batting: RHB Leo Navarro
|
0-0: Ball 1-0: Swinging Strike 1-1: Ball 2-1: Swinging Strike 2-2: Ball 3-2: Hit by Pitch Henri Cederberg to second
|
|
Batting: LHB Sidney Pedder
|
0-0: Called Strike 0-1: Fly out, F9 (Flyball, 89XD, EV 95.0 MPH) Runner from 2nd tags up, SAFE at 3rd, no throw by RF
|
|
Batting: SHB Alfie Bungledorf
|
0-0: Foul Ball, location: 2F 0-1: Swinging Strike 0-2: Foul Ball, location: 2F 0-2: Foul Ball, location: 2F 0-2: Foul Ball, location: 2F 0-2: Ball 1-2: Foul Ball, location: 2F 1-2: Ball 2-2: Strikes out swinging
|
|
Batting: RHB Joseph Disepolo
|
0-0: Ball 1-0: Swinging Strike 1-1: Ball 2-1: Foul Ball, location: 2F 2-2: Strikes out swinging
|
| Top of the 2nd over - 0 runs, 0 hits, 0 errors, 2 left on base; Chicago 1 - Cleveland 0 |
| BOTTOM OF THE 2ND |
|
Cleveland Guardians batting - Pitching for Chicago White Sox : RHP Xenophon Valvis
|
|
Batting: RHB Hiroshige Yamada
|
0-0: Ball 1-0: Foul Ball, location: 2F 1-1: Ground out 5-3 (Groundball, 56S, EV 83.1 MPH)
|
|
Batting: RHB Jasper Burd
|
0-0: Ball 1-0: Called Strike 1-1: Ball 2-1: Called Strike 2-2: Ball 3-2: Foul Ball, location: 2F 3-2: DOUBLE (Groundball, 5L, EV 96.9 MPH)
|
|
Batting: LHB Corey Trevor
|
0-0: Ball 1-0: Swinging Strike 1-1: Foul Ball, location: 2F 1-2: Foul Ball, location: 2F 1-2: Ball 2-2: Ball 3-2: Foul Ball, location: 2F 3-2: Foul Ball, location: 2F 3-2: Strikes out swinging
|
|
Batting: RHB Solange Le Coq
|
0-0: Ball 1-0: Foul Ball, location: 2F 1-1: Ground out 4-3 (Groundball, 4, EV 93.1 MPH)
|
| Bottom of the 2nd over - 0 runs, 1 hit, 0 errors, 1 left on base; Chicago 1 - Cleveland 0 |
| TOP OF THE 3RD |
|
Chicago White Sox batting - Pitching for Cleveland Guardians : RHP Joe Zeiset
|
|
Batting: LHB Randy Rosenberry
|
0-0: Ball 1-0: Called Strike 1-1: Foul Ball, location: 2F 1-2: Foul Ball, location: 2F 1-2: Strikes out looking
|
|
Batting: LHB Angel Tellez
|
0-0: Called Strike 0-1: Ball 1-1: Swinging Strike 1-2: Ball 2-2: Fly out, F8 (Line Drive, 8LM, EV 88.1 MPH)
|
|
Batting: RHB Brad Boals
|
0-0: Ball 1-0: Ball 2-0: Ball 3-0: Base on Balls
|
|
Pitching: RHP Adrian Serratos
|
|
|
Batting: RHB Dieter Knoops
|
0-0: Ball 1-0: Called Strike 1-1: Ball 2-1: Foul Ball, location: 2F 2-2: Strikes out looking
|
| Top of the 3rd over - 0 runs, 0 hits, 0 errors, 1 left on base; Chicago 1 - Cleveland 0 |
| BOTTOM OF THE 3RD |
|
Cleveland Guardians batting - Pitching for Chicago White Sox : RHP Xenophon Valvis
|
|
Batting: RHB Aaron Matthews
|
0-0: Foul Ball, location: 2F 0-1: Ball 1-1: Called Strike 1-2: Strikes out swinging
|
|
Batting: LHB Arvin Dungca
|
0-0: Ball 1-0: Ball 2-0: Called Strike 2-1: Foul Ball, location: 2F 2-2: Ball 3-2: Base on Balls
|
|
Batting: RHB Rick O'Reilly
|
0-0: Foul Ball, location: 2F 0-1: Ball 1-1: Ball 2-1: Fly out, F8 (Flyball, 8RXD, EV 100.0 MPH)
|
|
Batting: LHB Danny Dunham
|
0-0: Ball 1-0: Swinging Strike 1-1: Ball 2-1: Fielders Choice at 2nd, 6-4 (Groundball, 6, EV 79.4 MPH)
|
| Bottom of the 3rd over - 0 runs, 0 hits, 0 errors, 1 left on base; Chicago 1 - Cleveland 0 |
| TOP OF THE 4TH |
|
Chicago White Sox batting - Pitching for Cleveland Guardians : RHP Adrian Serratos
|
|
Pitching: LHP Rene Eenkhoorn
|
|
|
Batting: RHB Henri Cederberg
|
0-0: Ground out 5-3 (Groundball, 5L, EV 85.0 MPH)
|
|
Batting: RHB Leo Navarro
|
0-0: Ball 1-0: Ball 2-0: Called Strike 2-1: Foul Ball, location: 2F 2-2: Ball 3-2: Foul Ball, location: 2F 3-2: Ground out 5-3 (Groundball, 56, EV 100.6 MPH)
|
|
Batting: LHB Sidney Pedder
|
0-0: Fly out, F7 (Flyball, 7, EV 88.1 MPH)
|
| Top of the 4th over - 0 runs, 0 hits, 0 errors, 0 left on base; Chicago 1 - Cleveland 0 |
| BOTTOM OF THE 4TH |
|
Cleveland Guardians batting - Pitching for Chicago White Sox : RHP Xenophon Valvis
|
|
Pitching: RHP Luis Castillo
|
|
|
Batting: RHB Nick Ogle
|
0-0: Called Strike 0-1: SINGLE (Groundball, 56D, EV 109.4 MPH)
|
|
Batting: RHB Hiroshige Yamada
|
0-0: Ball 1-0: Ball 2-0: Foul Ball, location: 2F 2-1: Called Strike 2-2: Ball 3-2: Strikes out swinging
|
|
Batting: RHB Jasper Burd
|
0-0: Called Strike 0-1: Grounds into double play, 5-4-3 (Groundball, 5L, EV 101.9 MPH)
|
| Bottom of the 4th over - 0 runs, 1 hit, 0 errors, 0 left on base; Chicago 1 - Cleveland 0 |
| TOP OF THE 5TH |
|
Chicago White Sox batting - Pitching for Cleveland Guardians : LHP Rene Eenkhoorn
|
|
Pitching: RHP Drew Rickelman
|
|
|
Now at C: Dan Hill
|
|
|
Now at 2B: Danny Eberhart
|
|
|
Now at 3B: Jasper Burd
|
|
|
Pinch Hitting: RHB Jon Solano
|
0-0: Ball 1-0: Ground out U3 (Groundball, 34, EV 94.4 MPH)
|
|
Batting: RHB Joseph Disepolo
|
0-0: Ground out 4-3 (Groundball, 4S, EV 80.0 MPH)
|
|
Batting: LHB Randy Rosenberry
|
0-0: Foul Ball, location: 2F 0-1: Foul Ball, location: 2F 0-2: Ball 1-2: Ball 2-2: Ground out 3-1 (Groundball, 3L, EV 108.8 MPH)
|
| Top of the 5th over - 0 runs, 0 hits, 0 errors, 0 left on base; Chicago 1 - Cleveland 0 |
| BOTTOM OF THE 5TH |
|
Cleveland Guardians batting - Pitching for Chicago White Sox : RHP Luis Castillo
|
|
Now at 2B: Jon Solano
|
|
|
Now at 3B: Micah Brown
|
|
|
Now at SS: Joseph Disepolo
|
|
|
Batting: LHB Corey Trevor
|
0-0: Called Strike 0-1: Swinging Strike 0-2: Ball 1-2: Ball 2-2: Foul Ball, location: 2F 2-2: SINGLE (Flyball, 6D, EV 84.4 MPH)
|
|
Pinch Hitting: LHB Nick Welling
|
0-0: 2-RUN HOME RUN (Flyball, 89XD, EV 113.8 MPH), Distance : 426 ft
|
|
Pinch Hitting: LHB John Harring
|
0-0: Ball 1-0: Foul Ball, location: 2F 1-1: Ground out U3 (Groundball, 3L, EV 97.5 MPH)
|
|
Batting: LHB Arvin Dungca
|
0-0: Ball 1-0: Ball 2-0: Ball 3-0: Base on Balls
|
|
Batting: RHB Danny Eberhart
|
0-0: Ball 1-0: Ball Arvin Dungca steals 2nd, throwing error, E2 Arvin Dungca to third 2-0: Called Strike 2-1: Called Strike 2-2: Ball 3-2: Strikes out swinging
|
|
Batting: LHB Danny Dunham
|
0-0: Ball 1-0: Swinging Strike 1-1: Ball 2-1: Foul Ball, location: 2F 2-2: Strikes out swinging
|
| Bottom of the 5th over - 2 runs, 2 hits, 1 error, 1 left on base; Chicago 1 - Cleveland 2 |
| TOP OF THE 6TH |
|
Chicago White Sox batting - Pitching for Cleveland Guardians : RHP Drew Rickelman
|
|
Pitching: RHP Dennis Beals
|
|
|
Now at SS: Jason Sher
|
|
|
Now in LF: John Harring
|
|
|
Now in CF: Corey Trevor
|
|
|
Pinch Hitting: RHB Chris Cooper
|
0-0: Ground out 4-3 (Groundball, 4, EV 92.5 MPH)
|
|
Batting: RHB Brad Boals
|
0-0: Ball 1-0: Ground out 4-3 (Groundball, 34, EV 100.6 MPH)
|
|
Batting: RHB Micah Brown
|
0-0: Called Strike 0-1: Ground out 3-1 (Groundball, 34, EV 101.2 MPH)
|
| Top of the 6th over - 0 runs, 0 hits, 0 errors, 0 left on base; Chicago 1 - Cleveland 2 |
| BOTTOM OF THE 6TH |
|
Cleveland Guardians batting - Pitching for Chicago White Sox : RHP Luis Castillo
|
|
Pitching: RHP Allen Speidel
|
|
|
Now in LF: Chris Cooper
|
|
|
Pinch Hitting: SHB Pete Barutha
|
0-0: Ball 1-0: Ball 2-0: Called Strike 2-1: DOUBLE (Groundball, 3L, EV 103.1 MPH)
|
|
Batting: SHB Dan Hill
|
0-0: Ball 1-0: Called Strike 1-1: Swinging Strike 1-2: Ball 2-2: Strikes out swinging
|
|
Pinch Hitting: RHB Christian Blue
|
0-0: Foul Ball, location: 2F 0-1: Foul Ball, location: 2F 0-2: Foul Ball, location: 2F 0-2: Ball 1-2: Ball 2-2: SINGLE (Line Drive, 8RS, EV 98.1 MPH) Pete Barutha to third
|
|
Pinch Hitting: LHB Hector Pedroso
|
0-0: Ball 1-0: Called Strike 1-1: Called Strike 1-2: Ball 2-2: Strikes out swinging
|
|
Batting: RHB Jason Sher
|
0-0: Called Strike 0-1: Ball 1-1: Ball 2-1: Swinging Strike 2-2: Ball 3-2: Foul Ball, location: 2F 3-2: SINGLE (Line Drive, 8LS, EV 92.5 MPH) Pete Barutha scores Christian Blue to second Christian Blue to third
|
|
Batting: LHB John Harring
|
0-0: Foul Ball, location: 2F 0-1: 3-RUN HOME RUN (Flyball, 9LD, EV 90.6 MPH), Distance : 342 ft
|
|
Pitching: RHP Mike Willig
|
|
|
Pinch Hitting: LHB Brent Albertson
|
0-0: Swinging Strike 0-1: SINGLE (Groundball, 4MD, EV 95.6 MPH)
|
|
Batting: RHB Danny Eberhart
|
0-0: Called Strike Brent Albertson is caught stealing 2nd base 2-4
|
| Bottom of the 6th over - 4 runs, 5 hits, 0 errors, 0 left on base; Chicago 1 - Cleveland 6 |
| TOP OF THE 7TH |
|
Chicago White Sox batting - Pitching for Cleveland Guardians : RHP Dennis Beals
|
|
Pitching: RHP Juan Flores
|
|
|
Now at 1B: Mitch Boyd
|
|
|
Now at 2B: Jason Sher
|
|
|
Now at 3B: Danny Eberhart
|
|
|
Now at SS: Christian Blue
|
|
|
Now in CF: Pete Barutha
|
|
|
Now in RF: Hector Pedroso
|
|
|
Batting: RHB Henri Cederberg
|
0-0: Ball 1-0: Foul Ball, location: 2F 1-1: Ball 2-1: DOUBLE (Line Drive, 7LD, EV 108.1 MPH)
|
|
Batting: RHB Leo Navarro
|
0-0: Called Strike 0-1: Ball 1-1: Ball 2-1: Foul Ball, location: 2F 2-2: Ball 3-2: Strikes out looking
|
|
Batting: LHB Sidney Pedder
|
0-0: Foul Ball, location: 2F 0-1: Ground out 4-3 (Groundball, 4M, EV 102.5 MPH) Henri Cederberg to third
|
|
Batting: RHB Jon Solano
|
0-0: Swinging Strike 0-1: Ground out U3 (Groundball, 3L, EV 102.5 MPH)
|
| Top of the 7th over - 0 runs, 1 hit, 0 errors, 1 left on base; Chicago 1 - Cleveland 6 |
| BOTTOM OF THE 7TH |
|
Cleveland Guardians batting - Pitching for Chicago White Sox : RHP Mike Willig
|
|
Now at C: Ricardo Pagan
|
|
|
Now at 1B: Jose Medina
|
|
|
Batting: RHB Danny Eberhart
|
0-0: Ball 1-0: Called Strike 1-1: Called Strike 1-2: Ground out 4-3 (Groundball, 4S, EV 87.5 MPH)
|
|
Batting: SHB Katsumi Omura
|
0-0: Ball 1-0: Swinging Strike 1-1: Ball 2-1: Called Strike 2-2: Ground out 6-3 (Groundball, 6, EV 80.6 MPH)
|
|
Batting: SHB Pete Barutha
|
0-0: Ball 1-0: Reached via error on a dropped throw from 1B, E1 (Groundball, 34, EV 103.1 MPH)
|
|
Batting: SHB Dan Hill
|
0-0: Ball Pete Barutha is caught stealing 2nd base 2-6
|
| Bottom of the 7th over - 0 runs, 0 hits, 1 error, 0 left on base; Chicago 1 - Cleveland 6 |
| TOP OF THE 8TH |
|
Chicago White Sox batting - Pitching for Cleveland Guardians : RHP Juan Flores
|
|
Pitching: RHP Chris DeVall
|
|
|
Batting: RHB Joseph Disepolo
|
0-0: Ball 1-0: Called Strike 1-1: Ball 2-1: Ball 3-1: Called Strike 3-2: Ground out 4-3 (Groundball, 4, EV 100.6 MPH)
|
|
Batting: LHB Randy Rosenberry
|
0-0: Called Strike 0-1: Ball 1-1: Ball 2-1: Fly out, F9 (Line Drive, 9S, EV 106.9 MPH)
|
|
Batting: RHB Chris Cooper
|
0-0: Ball 1-0: Foul Ball, location: 2F 1-1: Called Strike 1-2: Ground out 6-3 (Groundball, 56, EV 85.0 MPH)
|
| Top of the 8th over - 0 runs, 0 hits, 0 errors, 0 left on base; Chicago 1 - Cleveland 6 |
| BOTTOM OF THE 8TH |
|
Cleveland Guardians batting - Pitching for Chicago White Sox : RHP Mike Willig
|
|
Batting: SHB Dan Hill
|
0-0: Called Strike 0-1: Ball 1-1: Ball 2-1: Swinging Strike 2-2: Strikes out swinging
|
|
Batting: RHB Christian Blue
|
0-0: Foul Ball, location: 2F 0-1: Foul Ball, location: 2F 0-2: Ball 1-2: Strikes out swinging
|
|
Batting: LHB Hector Pedroso
|
0-0: Foul Ball, location: 2F 0-1: Swinging Strike 0-2: Strikes out swinging
|
| Bottom of the 8th over - 0 runs, 0 hits, 0 errors, 0 left on base; Chicago 1 - Cleveland 6 |
| TOP OF THE 9TH |
|
Chicago White Sox batting - Pitching for Cleveland Guardians : RHP Chris DeVall
|
|
Pitching: RHP Matt Zambon
|
|
|
Batting: RHB Brad Boals
|
0-0: Foul Ball, location: 2F 0-1: Foul Ball, location: 2F 0-2: SINGLE (Line Drive, 7S, EV 98.1 MPH)
|
|
Batting: RHB Micah Brown
|
0-0: Ball 1-0: Foul Ball, location: 2F 1-1: Ball 2-1: Foul Ball, location: 2F 2-2: Ball 3-2: Base on Balls Brad Boals to second
|
|
Batting: RHB Henri Cederberg
|
0-0: Fly out, F8 (Flyball, 8RM, EV 81.9 MPH)
|
|
Batting: LHB Ricardo Pagan
|
0-0: Fly out, F7 (Flyball, 7LS, EV 81.9 MPH)
|
|
Batting: RHB Jose Medina
|
0-0: Ball 1-0: Called Strike 1-1: Called Strike 1-2: SINGLE (Groundball, 56D, EV 96.2 MPH) Brad Boals to third Micah Brown to second
|
|
Pitching: RHP Jose Rico
|
|
|
Batting: RHB Jon Solano
|
0-0: Ball 1-0: Called Strike 1-1: Swinging Strike 1-2: Foul Ball, location: 2F 1-2: Ball 2-2: Foul Ball, location: 2F 2-2: Fielders Choice at 2nd, 5-4 (Groundball, 5, EV 82.5 MPH)
|
| Top of the 9th over - 0 runs, 2 hits, 0 errors, 3 left on base; Chicago 1 - Cleveland 6 |
|